 Dungeon Crawl Stone Soup version 0.24.0-5-g267a8d59f4 (webtiles) character file.

Game seed: 17154629627846103682, levelgen mode: deterministic

11759 erloom the Grappler (level 11, -1/95 HPs)
             Began as a Ghoul Monk on Nov 1, 2019.
             Was a Priest of Makhleb.
             Slain by a reaper
             ... wielding a +0 scythe of freezing
              (4 damage)
             ... in an ice cave.
             The game lasted 00:40:02 (10981 turns).

erloom the Grappler (Ghoul Monk)                   Turns: 10981, Time: 00:40:02

Health: -1/95      AC: 17    Str: 19    XL:     11   Next: 82%
Magic:  13/13      EV:  5    Int:  5    God:    Makhleb [***...]
Gold:   319        SH: 10    Dex: 11    Spells: 10/10 levels left

rFire    + . .     SeeInvis +     - Unarmed
rCold    + + .     Gourm    .   D - +0 shield
rNeg     + + +     Faith    .   A - +0 plate armour
rPois    ∞         Spirit   .   j - +2 hat {SInv}
rElec    .         Reflect  .   c - scarf {rC+ rF+}
rCorr    +         Harm     .   (no gloves)
MR       .....                  a - +2 pair of boots
Stlth    ..........             p - amulet of the acrobat
HPRegen  0.00/turn              g - ring of resist corrosion
MPRegen  0.13/turn              (no ring)

@: rotting, hasted, very quick
A: rotting body, claws 1, carnivore, cold resistance 1, negative energy
resistance 3, inhibited regeneration, torment resistance, unbreathing
a: Minor Destruction, Lesser Servant of Makhleb, Renounce Religion


You were in an ice cave.
You worshipped Makhleb.
Makhleb was most pleased with you.
You were hungry.

You visited 3 branches of the dungeon, and saw 12 of its levels.
You also visited: Sewer and Ice Cave.

You collected 529 gold pieces.
You spent 210 gold pieces at shops.

Inventory:

Missiles
 h - 2 throwing nets
 s - a boomerang (quivered)
 y - 69 sling bullets
 z - 75 stones
Armour
 a - a +2 pair of boots (worn)
 c - a scarf of resistance (worn)
 j - a +2 hat of see invisible (worn)
 A - a +0 plate armour (worn)
 C - a +1 buckler of cold resistance
 D - a +0 shield (worn)
Jewellery
 g - a ring of resist corrosion (left claw)
 p - an amulet of the acrobat (around neck)
 E - an uncursed amulet of rage
Wands
 r - a wand of polymorph (7)
 t - a wand of random effects (14)
 x - a wand of digging (10)
Scrolls
 f - a scroll of amnesia
 i - 9 scrolls of remove curse
 m - a scroll of fear
 n - 5 scrolls of teleportation
 o - 2 scrolls of magic mapping
Potions
 d - 4 potions of flight
 e - a potion of invisibility
 k - a potion of mutation
 l - 3 potions of lignification
 q - 8 potions of curing {unknown}
 v - a potion of heal wounds
 w - 3 potions of might {unknown}
Comestibles
 b - 20 rations


   Skills:
 + Level 8.5 Fighting
 + Level 5.9 Armour
 - Level 2.6 Dodging
 - Level 2.1 Stealth
 + Level 5.9 Shields
 * Level 14.4 Unarmed Combat
 - Level 5.0 Invocations


You had 10 spell levels left.
You didn't know any spells.
Your spell library contained the following spells:

 Spells                   Type           Power        Failure   Level  Hunger
 Animate Skeleton         Necr           N/A          100%        1    ##.....
 Apportation              Tloc           #.....       100%        1    ##.....
 Confusing Touch          Hex            #.....       100%        1    ##.....
 Summon Small Mammal      Summ           #...         100%        1    ##.....


Dungeon Overview and Level Annotations

Branches:
Dungeon (10/15)            Temple (1/1) D:6            Lair (1/6) D:9
    Orc (0/2) D:9           Sewer (visited)           IceCv (1/1)

Altars:
Ashenzari
Cheibriados
Dithmenos
Elyvilon
Fedhas
Gozag
Hepliaklqana
Kikubaaqudgha
Makhleb
Nemelex Xobeh
Qazlal
Ru
Sif Muna
Trog
Uskayaw
Wu Jian
Xom
Yredelemnul
Zin
The Shining One

Shops:
D:7 !

Annotations:
D:10 Maurice


Innate Abilities, Weirdness & Mutations

Your body is rotting away.
You thrive on raw meat.
You are immune to poison.
You have sharp fingernails.
You are carnivorous and can eat meat at any time.
Your flesh is cold resistant. (rC+)
You are immune to negative energy. (rN+++)
You do not regenerate when monsters are visible.
You are immune to unholy pain and torment.
You can survive without breathing.


Message History

Your plate armour prevents you from hitting the reaper.
The reaper is heavily wounded.
Your hellwing hits the reaper.
Your hellwing closely misses the reaper.
Your orange demon closely misses the reaper.
Your orange demon stings the reaper but does no damage.
You block the reaper's attack.
You scratch the reaper.
The reaper is severely wounded.
Your hellwing barely misses the reaper.
Your hellwing hits the reaper.
Your orange demon barely misses the reaper.
Your orange demon stings the reaper from afar.
Unknown command.
Unknown command.
You scratch the reaper but do no damage.
The reaper is severely wounded.
The reaper hits you with a +0 scythe of freezing!!!
* * * LOW HITPOINT WARNING * * *
The reaper freezes you.
You die...

.##.#.## #.○.#.§.####..#.5#
.#....## #○§.#.§§°.....#.##
.##....###.§§#.§§≈.§..##.#
..#....##○☼§§###..#§..#...
..##...##○°.☼..##§#..##.).
#..#..##..#§...§#.#°.##...#
#..####..###○..☼☼§§########
##.###...# #...§.2§.#
##..#..## ##..4@4..#
#....## #..4...## ##..##
##.....# #### ##...## ##.##
###


You could see a reaper, 2 friendly orange demons and a friendly hellwing.

Vanquished Creatures
  Erica (Lair:1)
  2 ice statues (IceCv)
  8 ice devils
  A komodo dragon (Lair:1)
  Prince Ribbit (D:6)
  A troll (D:9)
  2 hippogriffs
  2 wyverns
  4 hogs (D:7)
  A yak (D:9)
  A human (D:7)
  A hungry ghost (D:7)
  A warg (Lair:1)
  A water moccasin (D:9)
  2 porcupines (D:9)
  2 orc warriors
  2 ice beasts
  3 sky beasts
  3 phantoms
  9 wolves
  7 ogres
  2 centaurs
  4 big kobolds
  12 bullfrogs
  A gnoll sergeant (D:7)
  5 killer bees (D:6)
  A scorpion (D:4)
  A howler monkey (D:8)
  6 wights
  A crimson imp (D:8)
  A jelly (D:6)
  A quasit (D:9)
  9 hounds
  2 orc priests
  2 gnoll shamans (D:7)
  7 orc wizards
  Crazy Yiuf (D:7)
  Terence (D:2)
  Jessica (D:2)
  Natasha (thrice) (D:2)
  2 iguanas (D:4)
  6 worker ants
  2 hound skeletons (D:7)
  A worker ant zombie (D:8)
  11 adders
  21 gnolls
  A howler monkey skeleton (D:4)
  A river rat (D:4)
  3 shadow imps
  5 white imps (IceCv)
  5 ufetubi (IceCv)
  3 oozes
  2 adder skeletons
  4 worms
  A dart slug (D:2)
  6 leopard geckos
  25 orcs
  9 bats
  9 giant cockroaches
  7 goblins
  7 hobgoblins
  15 jackals
  3 quokkas
  4 ball pythons (Sewer)
  2 ball python skeletons
  5 frilled lizards
  A jackal zombie (D:7)
  11 kobolds
  A quokka zombie (D:6)
  15 rats
304 creatures vanquished.

Vanquished Creatures (collateral kills)
  An ice devil (IceCv)
  A porcupine (Lair:1)
  3 wolves (Lair:1)
  2 white imps (IceCv)
  An ufetubus (IceCv)
8 creatures vanquished.

Vanquished Creatures (others)
  3 white imps (IceCv)
  5 ufetubi (IceCv)
  4 fungi (D:9)
  4 plants
16 creatures vanquished.

Grand Total: 328 creatures vanquished

Notes
Turn   | Place    | Note
-------+----------+-------------------------------------------
     0 | D:1      | erloom the Ghoul Monk began the quest for the Orb.
     0 | D:1      | Reached XP level 1. HP: 19/19 MP: 0/0
   152 | D:1      | Reached XP level 2. HP: 23/26 MP: 1/1
   261 | D:1      | Reached skill level 4 in Unarmed Combat
   375 | D:1      | Reached XP level 3. HP: 33/33 MP: 2/2
   775 | D:2      | Noticed Jessica
   782 | D:2      | Killed Jessica
   782 | D:2      | Reached XP level 4. HP: 40/40 MP: 3/3
   958 | D:2      | Noticed Natasha
  1197 | D:2      | Killed Natasha
  1197 | D:2      | Reached skill level 5 in Unarmed Combat
  1212 | D:2      | Noticed Natasha
  1233 | D:2      | Killed Natasha
  1233 | D:2      | Reached XP level 5. HP: 41/47 MP: 4/4
  1283 | D:2      | Noticed Natasha
  1296 | D:2      | Killed Natasha
  1390 | D:2      | Found a hide-covered altar of Uskayaw.
  1390 | D:2      | Found a white marble altar of Elyvilon.
  1498 | D:2      | Noticed Terence
  1513 | D:2      | Killed Terence
  1514 | D:2      | Found a sacrificial altar of Ru.
  1798 | D:3      | Reached skill level 6 in Unarmed Combat
  2050 | D:3      | Found a stormy altar of Qazlal.
  2054 | D:3      | Reached XP level 6. HP: 54/55 MP: 5/5
  2069 | D:3      | Found a bloodstained altar of Trog.
  2169 | D:3      | Found a shimmering blue altar of Sif Muna.
  2414 | D:4      | Found a glowing drain.
  2419 | D:4      | Reached skill level 5 in Fighting
  2438 | Sewer    | Entered a sewer
  2595 | Sewer    | Reached skill level 7 in Unarmed Combat
  2751 | Sewer    | Reached XP level 7. HP: 61/61 MP: 6/6
  3371 | D:5      | Entered Level 5 of the Dungeon
  3482 | D:5      | Reached skill level 8 in Unarmed Combat
  3617 | D:4      | Reached XP level 8. HP: 44/71 MP: 7/7
  3713 | D:4      | Found a stormy altar of Qazlal.
  3749 | D:4      | Got an opalescent robe
  4125 | D:4      | Reached skill level 9 in Unarmed Combat
  4274 | D:5      | Reached skill level 1 in Armour
  4304 | D:5      | Noticed a hippogriff
  4410 | D:5      | Found a blossoming altar of Fedhas.
  4755 | D:5      | Killed a hippogriff
  4912 | D:5      | Reached skill level 10 in Unarmed Combat
  5375 | D:6      | Reached skill level 1 in Shields
  5375 | D:6      | Reached XP level 9. HP: 78/78 MP: 8/8
  5586 | D:6      | Found a shadowy altar of Dithmenos.
  5626 | D:6      | Found a hazy altar of Hepliaklqana.
  5704 | D:6      | Found a shimmering altar of Xom.
  5740 | D:6      | Noticed Prince Ribbit
  5761 | D:6      | Killed Prince Ribbit
  5772 | D:6      | Reached skill level 11 in Unarmed Combat
  5792 | D:6      | Found a staircase to the Ecumenical Temple.
  5801 | Temple   | Entered the Ecumenical Temple
  5821 | Temple   | Became a worshipper of Makhleb the Destroyer
  5821 | Temple   | Reached * piety under Makhleb
  5821 | Temple   | Reached ** piety under Makhleb
  5962 | D:6      | Reached skill level 1 in Invocations
  6340 | D:7      | Reached XP level 10. HP: 84/84 MP: 11/11
  6494 | D:7      | Reached skill level 12 in Unarmed Combat
  6631 | D:7      | Reached *** piety under Makhleb
  6643 | D:7      | Found Muke's Distillery.
  6686 | D:7      | Bought a potion of heal wounds for 70 gold pieces
  6686 | D:7      | Bought a potion of haste for 140 gold pieces
  6919 | D:7      | Found a runed translucent door.
  6922 | D:7      | Noticed Crazy Yiuf
  6925 | D:7      | Killed Crazy Yiuf
  7007 | D:7      | Found a glowing golden altar of the Shining One.
  7007 | D:7      | Found an ornate altar of the Wu Jian Council.
  8152 | D:9      | Reached skill level 5 in Invocations
  8180 | D:9      | Found a staircase to the Orcish Mines.
  8240 | D:9      | Reached skill level 13 in Unarmed Combat
  8437 | D:9      | Found a staircase to the Lair.
  8735 | D:9      | Reached **** piety under Makhleb
  8735 | D:9      | Reached XP level 11. HP: 92/92 MP: 13/13
  8756 | D:9      | Found a snail-covered altar of Cheibriados.
  9022 | D:10     | Entered Level 10 of the Dungeon
  9067 | D:10     | Noticed Maurice
  9133 | Lair:1   | Entered Level 1 of the Lair of Beasts
  9186 | Lair:1   | Reached skill level 5 in Shields
  9190 | Lair:1   | Reached skill level 5 in Armour
  9193 | Lair:1   | Noticed Erica
  9220 | Lair:1   | Killed Erica
  9266 | Lair:1   | Reached skill level 14 in Unarmed Combat
  9308 | Lair:1   | Found a frozen archway.
  9353 | IceCv    | Entered an ice cave
 10690 | IceCv    | Noticed a reaper
 10981 | IceCv    | HP: 3/95 [reaper/+0 scythe of freezing (37)]
 10981 | IceCv    | Slain by a reaper

Levels and vault maps discovered:
D:1:      scummos_arrival_simple_fountains, layout_loops_ring, minivault_27
D:2:      layout_loops_ring, lemuel_coloured_pillars_altar,
          amethyst_overflow_temple_binary, first_ration, uniq_jessica,
          uniq_terence, uniq_natasha
D:3:      layout_basic, chequers_temple_overflow_statue_of_worship,
          led_sif_pool, grunt_ministairs_3,
          wander_ebering_terrifying_dragon_lair
D:4:      layout_loops_ring, portal_sewer_entry_b, grunt_qazlal_clouds
D:5:      layout_loops_ring, fedhas_altar_2, chequers_big_river,
          kennysheep_crisscross, nrook_loot_triangle
D:6:      layout_basic, lemuel_crystal_altar, kennysheep_mini,
          grunt_dithmenos_shadows, temple_hall, feat_on_display,
          uniq_prince_ribbit1
D:7:      layout_cave_pools, gammafunk_temple_overflow_pools, serial_shops,
          shop_fountains, serial_gnoll_camp, gnoll_camp_mini_sergeant,
          gnoll_camp_mini_house, gnoll_camp_mini_basic,
          gnoll_camp_mini_loothouse, gnoll_camp_mini_hut, serial_park_tiny_2,
          grunt_livestock, uniq_crazy_yiuf_cottage
D:8:      layout_basic
D:9:      layout_irregular_city, cheibrodos_worm_habitat,
          due_lair_maze_entry_diamond, orc_0_dummy, hex_medium
D:10:     layout_basic, uniq_josephine, uniq_maurice
Temple:   compressed_dpeg_triangle_lava_temple
Lair:1:   beast_lair_carwin_large_4, layout_long_grid,
          portal_ice_cave_demonic_guard, uniq_erica
IceCv:    ice_cave_small_demon

Skill      XL: |  1  2  3  4  5  6  7  8  9 10 11 |
---------------+----------------------------------+-----
Unarmed Combat | 4 5 6 7 8 10 11 13 14 | 14.4
Fighting       | 4 5 6 7 8 |  8.5
Armour         | 2 4 5 |  5.9
Shields        | 1 3 4 5 |  5.9
Invocations    | 2 5 |  5.0
Dodging        | |  2.6
Stealth        | |  2.1

Action                   |  1- 3 |  4- 6 |  7- 9 | 10-12 || total
-------------------------+-------+-------+-------+-------++-------
Melee: Unarmed           |    73 |   236 |   404 |   569 ||  1282
       Punch             |       |     3 |     4 |       ||     7
Throw: Boomerang         |       |       |    36 |    12 ||    48
Invok: Lesser Servant of |       |       |       |    18 ||    18
       Minor Destruction |       |       |       |     3 ||     3
  Use: Scroll            |       |     4 |    13 |     6 ||    23
       Potion            |       |       |     1 |     5 ||     6
 Stab: Sleeping          |     1 |       |       |       ||     1
  Eat: Chunk             |     5 |    21 |    44 |    34 ||   104
Armor: Chain mail        |    23 |   153 |   211 |    54 ||   441
       Leather armour    |     1 |       |       |       ||     1
       Plate armour      |       |       |       |   165 ||   165
Dodge: Dodged            |    31 |    81 |   108 |   116 ||   336
Block: Shield            |       |       |    86 |   233 ||   319
